AoeStats
← bananin.cxs

Arabia

509750514Analyzed
1v1 RM · 5d ago on Sep 27, 2026· 43m 4s· 2 players
Game mode
Random Map
Map size
Tiny (2 player)
Population
200
Speed
Normal
Resources
Standard
Victory
Conquest
Starting age
Dark Age
Ending age
Imperial Age
RankedLock teamsTeams togetherTeam positionsShared explorationLock speedFull tech treeHidden civsTurbo modeCheats
Victory
Defeat
🇨🇱 Magyars · Chile
1135
+17
🇦🇷 Ethiopians · Argentina
1154
-17
bananin.cxs
7:35 Loom
9:50 Feudal Age
9:53 Man-at-Arms
15:02 Double-Bit Axe
16:45 Town Watch
24:12 Castle Age
23:30 Bloodlines
23:43 Scale Barding Armor
24:16 Horse Collar
31:39 Wheelbarrow
31:45 Bow Saw
31:22 Light Cavalry
32:03 Husbandry
33:55 Gold Mining
40:02 Imperial Age
39:59 Bow Saw
40:06 Heavy Plow
40:44 Sanctity
40:35 Fervor
40:20 Capped Ram
41:38 Cavalier
43:26 Chain Barding Armor
El Decapitador
7:03 Loom
9:51 Feudal Age
13:34 Double-Bit Axe
15:31 Fletching
25:02 Castle Age
23:43 Horse Collar
24:13 Padded Archer Armor
25:12 Crossbowman
27:03 Bodkin Arrow
29:20 Town Watch
30:11 Wheelbarrow
32:03 Ballistics
32:39 Bow Saw
42:07 Imperial Age
42:14 Arbalester
Connection lost

Rejoining the realm…

Still unreachable

The connection could not be restored.

Session expired

The server has moved on; the page needs a fresh start.